 Dungeon Crawl Stone Soup version 0.28-a0-828-g0121872642 (webtiles) character file.

Game seed: 4561926723890464478

102 meatgazer the Skirmisher (level 4, -1/37 HPs)
             Began as a Demonspawn Abyssal Knight on Nov 10, 2021.
             Was a Believer of Lugonu.
             Slain by an adder (2 damage)
             ... on level 3 of the Dungeon.
             The game lasted 00:04:55 (2961 turns).

meatgazer the Skirmisher (DsAK)                     Turns: 2961, Time: 00:04:55

Health: -1/37      AC:  6    Str: 18    XL:     4   Next: 50%
Magic:  6/6        EV: 11    Int: 11    God:    Lugonu [**....]
Gold:   77         SH:  0    Dex: 16    Spells: 3/3 levels left

rFire   . . .      SeeInvis .   g - +1 falchion of Slime {freeze, rElec rC+ Str+4}
rCold   + . .      Faith    .   (no shield)
rNeg    . . .      Spirit   .   b - +1 leather armour
rPois   .          Reflect  .   d - +1 helmet
rElec   +          Harm     .   (no cloak)
rCorr   .          Rampage  .   (no gloves)
Will    .....                   (no boots)
Stlth   ++........              (no amulet)
HPRegen 0.12/turn               (no ring)
MPRegen 0.10/turn               (no ring)

@: lethally poisoned (-1 -> -6)
A: thin skeletal structure 1
a: Renounce Religion, Depart the Abyss, Bend Space


You were on level 3 of the Dungeon.
You worshipped Lugonu.
Lugonu was pleased with you.
You visited 1 branch of the dungeon, and saw 3 of its levels.
You visited the Abyss 1 time.

You collected 77 gold pieces.

Inventory:

Hand Weapons
 a - a +1 mace
 g - the +1 falchion of Slime (weapon) {freeze, rElec rC+ Str+4}
   (You found it on level 3 of the Abyss)

   It freezes those it strikes, dealing additional cold damage.
   It can also slow down cold-blooded creatures.
   Str:       It affects your strength (+4).
   rC:        It protects you from cold.
   rElec:     It insulates you from electricity.
Armour
 b - a +1 leather armour (worn)
 d - a +1 helmet (worn)
Wands
 e - a wand of flame (15)
 h - a wand of acid (4)
Scrolls
 c - a scroll of identify


   Skills:
 + Level 3.6 Fighting
 * Level 2.6 Long Blades
 - Level 1.7 Maces & Flails
 - Level 1.7 Armour
 - Level 0.8 Dodging
 + Level 3.6 Invocations


You had 3 spell levels left.
You didn't know any spells.
Your spell library contained the following spells:

 Spells                   Type           Power      Damage    Failure   Level
 Apportation              Tloc           0%         N/A       38%         1
 Ensorcelled Hibernation  Hex/Ice        0%         N/A       54%         2
 Portal Projectile        Hex/Tloc       0%         N/A       77%         3
 Spider Form              Tmut/Pois      0%         N/A       77%         3
 Alistair's Intoxication  Tmut/Pois      0%         N/A       100%        5
 Blade Hands              Tmut           0%         N/A       100%        5
 Excruciating Wounds      Necr           0%         N/A       100%        5


Dungeon Overview and Level Annotations

Branches:
Dungeon (3/15)

Altars:


Innate Abilities, Weirdness & Mutations

You have a somewhat thin skeletal structure. (Dex +2, Stealth+)


Message History

The frilled lizard hisses angrily.
The frilled lizard bites you but does no damage.
The frilled lizard closely misses you.
A frilled lizard is nearby!
You hit the frilled lizard. You freeze the frilled lizard.
You kill the frilled lizard!
Lugonu accepts your kill.
You see here a frilled lizard corpse.
You start resting.
An adder comes into view.
The adder hisses angrily.
You barely miss the adder. The adder barely misses you.
You miss the adder. The adder bites you but does no damage.
The adder closely misses you.
You closely miss the adder. The adder bites you.
* * * LOW HITPOINT WARNING * * *
You are poisoned.
The adder poisons you!
You hit the adder. You freeze the adder.
The adder is heavily wounded.
You feel sick. The adder closely misses you.
The adder bites you but does no damage.
You closely miss the adder.
The adder is heavily wounded.
You feel sick. The adder barely misses you.
You barely miss the adder.
The adder is heavily wounded.
You feel sick. The adder bites you.
* * * LOW HITPOINT WARNING * * *
You are lethally poisoned!
The adder poisons you! The adder barely misses you.
You closely miss the adder.
The adder is heavily wounded.
* * * LOW HITPOINT WARNING * * *
You feel sick. The adder bites you but does no damage.
You miss the adder.
The adder is heavily wounded.
* * * LOW HITPOINT WARNING * * *
You feel sick. The adder bites you.
You die...

#.......$
#........
......#
#.#..#
#....#
#..#
#.<#####.#
#..S......
#.@##..$..
#†.# #...
#.....# .#
#.###.# #
#.# ...
#... ####


You could see an adder.

Vanquished Creatures
  Robin (D:2)
  2 gnolls
  2 adders (D:2)
  A worm (D:2)
  3 endoplasms
  2 giant cockroaches
  12 goblins
  7 hobgoblins
  A quokka (D:1)
  3 ball pythons
  5 bats
  A frilled lizard (D:3)
  4 kobolds (D:1)
  4 rats
48 creatures vanquished.

Notes
Turn   | Place    | Note
-------+----------+-------------------------------------------
     0 | Abyss:1  | meatgazer the Demonspawn Abyssal Knight began the quest for
                  | the Orb.
     0 | Abyss:1  | Reached XP level 1. HP: 18/18 MP: 2/2
    37 | Abyss:2  | Noticed a revenant
    58 | Abyss:2  | Found a corrupted altar of Lugonu.
    59 | Abyss:2  | Noticed a starcursed mass
    65 | Abyss:3  | Identified the +1 falchion of Slime {freeze, rElec rC+
                  | Str+4}
   105 | Abyss:3  | Noticed a small abomination
   106 | D:1      | Escaped the Abyss
   548 | D:1      | Reached skill level 1 in Long Blades
   548 | D:1      | Gained mutation: You have a somewhat thin skeletal
                  | structure. (Dex +2, Stealth+) [demonic ancestry]
   548 | D:1      | Reached XP level 2. HP: 20/24 MP: 4/4
   549 | D:1      | Reached * piety under Lugonu
   964 | D:1      | Found a faded altar of an unknown god.
  1264 | D:2      | Reached XP level 3. HP: 21/29 MP: 5/5
  1465 | D:2      | Noticed Robin
  1482 | D:2      | Killed Robin
  1483 | D:2      | Reached XP level 4. HP: 24/35 MP: 6/6
  2284 | D:2      | Reached ** piety under Lugonu
  2850 | D:2      | HP: 1/37 [gnoll (5)]
  2961 | D:3      | HP: 1/37 [poisoned by an adder]
  2961 | D:3      | Slain by an adder

Illustrated notes

Levels and vault maps discovered:
D:1:      dpeg_arrival_rhombi, layout_basic,
          shapermc_ecumenical_altar_mp_ritualfount
D:2:      layout_basic, uniq_crazy_yiuf_cottage, uniq_robin
D:3:      layout_loops_ring, nicolae_overflow_hidden_temple,
          jmf_multi_god_temple, grunt_ministairs_1, corexii_corridor_pit

Skill      XL: |  1  2  3 |
---------------+----------+-----
Long Blades    | 1 2 |  2.6
Invocations    | 3 |  3.6
Fighting       | |  3.6
Maces & Flails | |  1.7
Armour         | |  1.7
Dodging        | |  0.8

Action                   |  1- 3 |  4- 6 || total
-------------------------+-------+-------++-------
Melee: Falchion          |    81 |    48 ||   129
Invok: Depart the Abyss  |     1 |       ||     1
Evoke: Wand              |     3 |     1 ||     4
  Use: Potion            |     2 |     2 ||     4
       Scroll            |     3 |     1 ||     4
 Stab: Sleeping          |     5 |     2 ||     7
Armor: Leather armour    |    33 |    20 ||    53
       Skin              |       |     3 ||     3
Dodge: Dodged            |    72 |    33 ||   105

Table legend: (Time is in decaauts)
 A = Elapsed time spent in this place.
 B = Non-inter-level travel time spent in this place.
 C = Inter-level travel time spent in this place.
 D = Time resting spent in this place.
 E = Time spent auto-exploring this place.
 F = Levels seen in this place.
 G = Mean time per level.
                   A        B        C        D        E       F      G
               +--------+--------+--------+--------+--------+-----+--------+
         Total |   2989 |   2929 |     60 |   1218 |   1208 |   6 |  498.2 |
       Dungeon |   2884 |   2824 |     60 |   1218 |   1158 |   3 |  961.3 |
         Abyss |    105 |    105 |      0 |      0 |     50 |   3 |   35.0 |
               +--------+--------+--------+--------+--------+-----+--------+

Top non-repeatable levels by time:
     D:1: 1604 daAuts
     D:2: 1188 daAuts
     D:3: 90 daAuts
 Abyss:2: 53 daAuts
 Abyss:3: 44 daAuts
 Abyss:1: 7 daAuts
